 Dungeon Crawl Stone Soup version 0.29.1-15-g9cfb28693d (webtiles) character file.

Game seed: 14907878640954410331

160 Ast3rio the Grave Robber (level 5, -2/37 HPs)
             Began as a Vampire Necromancer on Mar 14, 2023.
             Sank and fell apart
             ... summoned by a malarious merfolk avatar
             ... in a sewer.
             The game lasted 00:09:15 (2568 turns).

Ast3rio the Grave Robber (Vampire Necromancer)      Turns: 2568, Time: 00:09:16

Health: -2/37      AC:  3    Str:  9    XL:     5   Next: 17%
Magic:  1/9        EV: 13    Int: 18    God:
Gold:   151        SH:  0    Dex: 14    Spells: 8/9 levels left

rFire   . . .      SeeInvis +   A - +7 mace of Fortitude {protect, rElec}
rCold   . . .      Faith    .   (no shield)
rNeg    . . .      Spirit   .   a - +0 robe
rPois   .          Reflect  .   (no helmet)
rElec   +          Harm     .   (no cloak)
rCorr   .          Rampage  .   (no gloves)
Will    .....                   t - +0 pair of boots
Stlth   ++........              (no amulet)
HPRegen 0.32/turn               (no ring)
MPRegen 0.11/turn               (no ring)

@: mesmerised, healing quickly, very slow
A: alive, fangs 3, see invisible, vampiric 2
a: Exsanguinate


You were in a sewer.
You visited 1 branch of the dungeon, and saw 3 of its levels.
You also visited: Sewer.

You collected 151 gold pieces.

Inventory:

Hand Weapons
 d - a +4 short sword of venom
 r - a +0 dagger of pain
 x - a +0 dagger of protection
 A - the +7 mace of Fortitude (weapon) {protect, rElec}
   (You found it on level 3 of the Dungeon)

   It grants its wielder temporary protection when it strikes (+7 to AC).
   rElec:     It insulates you from electricity.
Armour
 a - a +0 robe (worn)
 t - a +0 pair of boots (worn)
Magical Staves
 p - a staff of air
Jewellery
 w - a +4 ring of evasion
Scrolls
 c - 2 scrolls of enchant armour {unknown}
 g - a scroll of poison {unknown}
 j - 2 scrolls of immolation {unknown}
 n - 2 scrolls of identify {unknown}
 q - 5 scrolls of teleportation
 s - a scroll of noise {unknown}
 u - a scroll of vulnerability {unknown}
 y - a scroll of brand weapon {unknown}
 z - a scroll of butterflies {unknown}
Potions
 b - a potion of magic
 e - 3 potions of lignification {unknown}
 f - a potion of brilliance {unknown}
 h - a potion of berserk rage {unknown}
 i - 5 potions of flight
 k - a potion of mutation {unknown}
 l - 3 potions of curing {unknown}
 m - a potion of degeneration {unknown}
 o - a potion of attraction {unknown}
 v - a potion of heal wounds {unknown}


   Skills:
 * Level 1.4 Fighting
 - Level 1.1 Short Blades
 * Level 0.8 Maces & Flails
 + Level 2.9 Dodging
 + Level 4.2 Stealth
 * Level 2.7 Spellcasting
 * Level 5.2 Necromancy


You had 8 spell levels left.
You knew the following spells:

 Your Spells              Type           Power      Damage    Failure   Level
a - Necrotise             Necr           84%        1d8       1%          1

Your spell library contained the following spells:

 Spells                   Type           Power      Damage    Failure   Level
 Vampiric Draining        Necr           21%        2d7       6%          3
 Animate Dead             Necr           21%        N/A       21%         4
 Ensorcelled Hibernation  Hex/Ice        4%         N/A       26%         2
 Passwall                 Tmut/Erth      1%         N/A       26%         2
 Swiftness                Air            2%         N/A       45%         3
 Agony                    Necr           21%        N/A       50%         5


Dungeon Overview and Level Annotations

Branches:
Dungeon (3/15)              Sewer (1/1)

Altars:
Sif Muna

Shops:
D:1 !

Annotations:
D:3 3 runed translucent doors, croobank's ghost, weakling OpDe


Innate Abilities, Weirdness & Mutations

Your natural rate of healing is accelerated.
You have razor-sharp teeth.
You have supernaturally acute eyesight. (SInv)
You are afflicted with vampirism and can become a bat while bloodless.


Message History

* * * LOW HITPOINT WARNING * * *
The pull of its song draws you forwards.
The drowned soul touches you.
* * * LOW HITPOINT WARNING * * *
The drowned soul drowns you.
* * * LOW HITPOINT WARNING * * *
The malarious merfolk avatar chants its luring song.
The drowned soul touches you. The drowned soul drowns you.
* * * LOW HITPOINT WARNING * * *
Casting: Necrotise (safe; 1% risk of failure)
Confirm with . or Enter, or press ? or * to list all spells.
You don't have enough magic to cast this spell.
Unknown command.
Casting: Necrotise (safe; 1% risk of failure)
Confirm with . or Enter, or press ? or * to list all spells.
You don't have enough magic to cast this spell.
Your unstable footing causes you to fumble your attack.
Your unstable footing causes you to fumble your attack.
The malarious merfolk avatar chants its luring song.
Your unstable footing causes you to fumble your attack.
The drowned soul returns to the deep!
The malarious merfolk avatar chants its luring song.
You closely miss the malarious merfolk avatar.
The malarious merfolk avatar is moderately wounded.
The drowned soul touches you. The drowned soul drowns you.
* * * LOW HITPOINT WARNING * * *
The malarious merfolk avatar chants its luring song. x2
You closely miss the malarious merfolk avatar.
The malarious merfolk avatar is moderately wounded.
The drowned soul touches you.
* * * LOW HITPOINT WARNING * * *
The drowned soul drowns you.
* * * LOW HITPOINT WARNING * * *
The malarious merfolk avatar chants its luring song.
Your unstable footing causes you to fumble your attack.
The malarious merfolk avatar chants its luring song.
The drowned soul touches you.
* * * LOW HITPOINT WARNING * * *
The drowned soul drowns you.
You die...

#..# #.~~≈≈≈≈≈≈ #..#
#.~~≈≈≈≈≈≈ ###
#..###~~~W≈≈≈W≈
≈≈########.†#~~~~~~~~≈≈≈
~#≈≈≈≈≈≈≈~~†~~~~~~~~~~≈≈
~#########.†#~~~~~~~~≈≈≈
...†~≈# #..###~~~~≈≈≈≈≈
####~~# ##.## #~~~≈≈≈≈≈≈
#..###†.# ##@≈W≈≈≈≈≈
##.....## #~≈mW≈≈≈≈≈
####### ≈≈≈≈≈≈≈≈≈≈≈
≈≈≈≈≈≈≈≈≈≈≈≈≈
#≈≈≈≈≈≈≈≈≈≈≈≈≈≈
#≈≈≈≈≈≈≈≈≈≈≈≈≈≈
###############
###############


You could see a malarious merfolk avatar (mesmerising) and 4 drowned souls.

Vanquished Creatures
  A merfolk siren (Sewer)
  3 adders
  2 worms (D:2)
  2 dart slugs (D:2)
  An orc (D:3)
  10 bats
  2 endoplasms (D:1)
  9 giant cockroaches
  7 goblins
  8 hobgoblins
  7 kobolds
  2 quokkas
  9 ball pythons
  6 frilled lizards
  29 rats
98 creatures vanquished.

Vanquished Creatures (collateral kills)
  A ball python (D:1)
  2 hobgoblins
3 creatures vanquished.

Vanquished Creatures (others)
  2 fungi (D:3)
  2 plants (D:3)
4 creatures vanquished.

Grand Total: 105 creatures vanquished

Notes
Turn   | Place    | Note
-------+----------+-------------------------------------------
     0 | D:1      | Ast3rio the Vampire Necromancer began the quest for the
                  | Orb.
     0 | D:1      | Reached XP level 1. HP: 13/13 MP: 3/3
   217 | D:1      | Reached XP level 2. HP: 19/19 MP: 1/5
   537 | D:1      | Found Gisista's Distillery.
   734 | D:1      | Gained mutation: You are afflicted with vampirism and can
                  | become a bat while bloodless. [Vampire growth]
   734 | D:1      | Reached XP level 3. HP: 25/25 MP: 6/6
   982 | D:1      | Found a faded altar of an unknown god.
  1504 | D:2      | Reached skill level 1 in Short Blades
  1751 | D:2      | Reached skill level 5 in Necromancy
  1751 | D:2      | Reached XP level 4. HP: 31/31 MP: 7/7
  2029 | D:3      | Found a runed translucent gate.
  2029 | D:3      | Found a runed translucent gate.
  2029 | D:3      | Found a runed translucent gate.
  2029 | D:3      | Noticed a kobold brigand
  2031 | D:3      | Noticed croobank's ghost (weakling OpDe)
  2052 | D:3      | Found a shimmering blue altar of Sif Muna.
  2146 | D:3      | Reached skill level 1 in Fighting
  2223 | D:3      | Identified the +7 mace of Fortitude {protect, rElec}
  2268 | D:3      | Found a glowing drain.
  2274 | Sewer    | Entered a sewer
  2513 | Sewer    | Reached XP level 5. HP: 37/37 MP: 8/8
  2567 | Sewer    | HP: 1/37 [drowned by a drowned soul[a malarious merfolk
                  | avatar] (2)]
  2568 | Sewer    | Sank and fell apart

Illustrated notes

Levels and vault maps discovered:
D:1:      dpeg_arrival_central, layout_loops_ring, serial_shops,
          nicolae_shop_hallway_plus, shapermc_ecumenical_altar_petra
D:2:      layout_rooms, corexii_corridor_pit, columned_hall_lemuel,
          minmay_joined_circles
D:3:      layout_basic, mainiacjoe_overflow_24_doors,
          gammafunk_ghost_nasty_kobolds, portal_sewer_entry_e,
          grunt_ministairs_4
Sewer:    sewer_sea

Skill      XL: |  1  2  3  4 |
---------------+-------------+-----
Short Blades   | 1 |  1.1
Necromancy     | 5 |  5.2
Fighting       | 1 |  1.4
Stealth        | 4 |  4.2
Maces & Flails | |  0.8
Dodging        | |  2.9
Spellcasting   | |  2.7

Action                   |  1- 3 |  4- 6 || total
-------------------------+-------+-------++-------
Melee: Short sword       |    60 |    17 ||    77
       Bite              |     1 |     4 ||     5
       Punch             |     1 |       ||     1
       Mace              |       |    76 ||    76
 Cast: Necrotise         |    40 |    19 ||    59
 Stab: Sleeping          |     5 |     2 ||     7
Armor: Robe              |    19 |    48 ||    67
Dodge: Dodged            |    49 |    74 ||   123
